Map: Acropolis LE

Players

ImaLegand - Winner!

  • Race: Zerg Zerg
  • League: Diamond
  • Spawn Location: 5:00

DarwinAwdWnr

  • Race: Zerg Zerg
  • League: Platinum
  • Spawn Location: 11:00

VOD

Have the link to the VOD?

Description

Time

  • Played on: June 15, 2019, 12:26 a.m.
  • Length: 13:32
Show
View Real Time Build Order
Export as new Build Order

ImaLegand Zerg - Winner!

Build Orders: Pool First 

Get SALT Encoding   

  12  0:03  Drone  
  13  0:16  Overlord  
  13  0:18  Drone  
  14  0:34  Drone x2  
  16  0:45  Drone  
  16  0:49  Extractor  
  16  0:52  Drone, Spawning Pool  
  16  1:13  Hatchery  
  16  1:15  Drone  
  16  1:22  Drone x2  
  18  1:32  Drone  
  19  1:40  Queen  
  21  1:48  Zergling x2  
  22  2:05  Metabolic Boost  
  22  2:07  Overlord  
  22  2:28  Zergling x8  
  26  2:38  Queen  
  26  2:39  Overlord  
  26  2:40  Overlord  
  28  2:50  Drone  
  28  2:51  Drone  
  30  2:53  Queen  
  30  2:58  Drone x3  
  35  3:13  Zergling x6  
  38  3:21  Zergling x4  
  40  3:34  Zergling x10  
  41  3:49  Drone x2  
  40  4:04  Zergling x8  
  44  4:14  Zergling x4  
  42  4:32  Zergling x2  
  42  4:33  Zergling x6  
  45  4:40  Queen x2  
  45  4:41  Overlord  
  45  4:43  Zergling x4  
  45  4:44  Zergling x2  
  52  4:53  Hatchery  
  44  5:08  Zergling x14  
  48  5:35  Evolution Chamber x2  
  42  5:37  Evolution Chamber  
  36  5:55  Roach Warren  
  35  6:08  Drone x9  
  44  6:18  Lair  
  44  6:26  Queen  
  44  6:30  Extractor  
  44  6:32  Extractor  
  44  6:44  Drone x3  
  49  6:47  Roach x2  
  49  6:51  Overlord x3  
  51  7:20  Drone x8  
  59  7:31  Nydus Network  
  59  7:32  Drone  
  59  7:33  Roach  
  61  7:37  Glial Reconstitution  
  61  7:39  Zerg Missile Weapons Level 1  
  61  7:43  Zerg Ground Armor Level 1, Queen  
  61  7:44  Queen  
  65  7:53  Roach x4  
  73  8:12  Roach  
  75  8:20  Hatchery  
  74  8:32  Overlord  
  74  8:33  Overlord x6  
  74  8:34  Overlord  
  74  8:52  Roach  
  74  8:53  Roach x7  
  90  9:11  Nydus Canal  
  90  9:16  Roach  
  98  9:17  Roach x3  
  96  9:43  Queen x2  
  96  9:46  Spore Crawler  
  96  9:48  Spore Crawler  
  96  9:51  Spore Crawler  
  93  10:02  Hydralisk Den  
  93  10:04  Spore Crawler  
  93  10:06  Spore Crawler x2  
  89  10:09  Drone, Spore Crawler  
  89  10:10  Drone x9  
  98  10:19  Overlord, Queen x2  
  102  10:26  Queen  
  104  10:31  Spore Crawler  
  104  10:34  Spore Crawler x2  
  101  10:36  Nydus Canal  
  101  10:39  Zergling x2  
  101  10:40  Zergling x10  
  105  10:51  Hydralisk  
  105  10:52  Hydralisk x2  
  105  10:54  Queen  
  105  10:55  Pneumatized Carapace  
  106  11:28  Roach x7  
  106  11:29  Roach x5  
  118  12:03  Hydralisk  
  118  12:04  Hydralisk x7  
  122  12:18  Nydus Canal  
  120  12:23  Queen x3  
  120  12:28  Drone x2  
  126  12:45  Overseer  
  126  12:57  Hydralisk  
  126  12:58  Hydralisk  
  128  13:01  Overlord x2  
  128  13:02  Overlord  
  130  13:08  Nydus Canal  
Show
View Real Time Build Order
Export as new Build Order

DarwinAwdWnr Zerg 

Build Orders: Hatch First 

Get SALT Encoding   

  12  0:01  Drone  
  13  0:10  Drone  
  14  0:19  Overlord  
  14  0:38  Drone x2  
  16  0:50  Hatchery  
  15  1:01  Drone  
  15  1:02  Drone x2  
  18  1:07  Extractor  
  17  1:12  Drone  
  18  1:20  Spawning Pool  
  17  1:35  Drone  
  17  1:36  Drone  
  19  1:54  Overlord  
  19  1:57  Drone  
  20  2:09  Zergling x2, Queen x2  
  20  2:11  Metabolic Boost  
  25  2:25  Zergling x4, Drone  
  25  2:26  Drone  
  29  2:36  Drone  
  29  2:37  Drone  
  31  2:38  Overlord  
  31  2:49  Drone x2  
  33  3:12  Zergling x2, Baneling Nest  
  32  3:13  Drone x3  
  32  3:19  Overlord  
  35  3:29  Zergling x2  
  35  3:30  Zergling x6  
  34  3:41  Zergling x2  
  34  3:42  Zergling x2  
  36  3:56  Queen  
  36  3:58  Queen  
  36  4:00  Zergling x2  
  41  4:04  Baneling x2  
  41  4:05  Baneling  
  41  4:07  Zergling x10  
  44  4:26  Baneling Nest  
  43  4:32  Queen  
  43  4:34  Zergling x2  
  43  4:35  Zergling x14  
  50  4:43  Zergling x2  
  51  5:05  Zergling x2  
  52  5:13  Baneling x2  
  52  5:14  Baneling  
  48  5:15  Baneling x4  
  47  5:23  Zergling x2  
  47  5:24  Zergling x10  
  47  5:26  Overlord x4  
  44  5:52  Zergling x2  
  44  5:53  Zergling x10  
  49  6:13  Hatchery  
  49  6:14  Drone  
  49  6:15  Drone x5  
  49  6:17  Lair  
  54  6:22  Drone  
  54  6:23  Drone x3  
  58  6:46  Extractor  
  57  6:48  Extractor  
  57  6:50  Extractor  
  57  6:53  Drone x8  
  57  6:54  Drone  
  64  7:09  Overlord x2  
  64  7:26  Drone  
  64  7:27  Drone x7  
  72  7:35  Spire  
  71  7:39  Drone x5  
  76  7:46  Spore Crawler  
  76  7:49  Spore Crawler  
  74  7:55  Spore Crawler  
  74  7:57  Overlord x2  
  73  8:02  Drone, Extractor x2  
  73  8:03  Drone x3  
  75  8:10  Drone  
  75  8:11  Overlord x3, Drone  
  77  8:49  Mutalisk x10  
  77  8:53  Mutalisk  
  99  9:08  Spine Crawler x2  
  99  9:09  Spine Crawler  
  96  9:11  Mutalisk x2  
  96  9:12  Spine Crawler  
  96  9:13  Drone x3, Spine Crawler  
  96  9:14  Drone x7  
  96  9:15  Spine Crawler  
  106  9:40  Mutalisk x4  
  106  9:41  Mutalisk  
  110  9:47  Zergling x10  
  111  10:09  Spire  
  110  10:17  Queen  
  112  10:37  Overlord x3  
  112  10:38  Overlord x3  
  84  11:08  Zergling x2  
  76  11:23  Mutalisk x9  
  91  11:37  Mutalisk  
  91  11:38  Mutalisk x2  
  95  11:43  Hatchery  
  95  11:45  Zergling x2  
  80  11:58  Mutalisk x5  
  69  12:13  Drone x3, Queen x2  
  69  12:14  Queen  
  78  12:30  Zergling x2  
  78  12:31  Zergling x12  
  83  12:49  Queen x2  
Tags
 
Matchup
ZvZ
Race
Zerg
Replay Pack
10.7.19
Spawn Locations
Cross Positions
Add a new tag
Caveats
  • Supply blocks, unpowered buildings, or Contaminate may cause inaccurate times.
  • Supply counts are checked every 10 seconds.